AoeStats
← Lord_Wilfredo

Pilgrims

508772933Analyzed
4v4 RM · 9d ago on Sep 24, 2026· 19m 25s· 8 players
Game mode
Random Map
Map size
Large (8 player)
Population
200
Speed
Normal
Resources
Standard
Victory
Conquest
Starting age
Dark Age
Ending age
Imperial Age
RankedLock teamsTeams togetherTeam positionsShared explorationLock speedFull tech treeHidden civsTurbo modeCheats
Victory
Defeat
🇪🇨 Franks · Ecuador
1398
+15
🇦🇷 Spanish · Argentina
1371
+16
🇺🇸 Tupi · United States
1339
+18
🇲🇽 Saxons · Mexico
1324
+18
🇨🇴 Hindustanis · Colombia
1490
-21
🇹🇼 Persians · Taiwan
1358
-16
🇪🇸 Varangians · Spain
1337
-15
🇧🇷 Wu · Brazil
1320
-15
HappyHalb
Leobossy
7:12 Loom
Lord_Wilfredo
5:58 Loom
11:10 Feudal Age
12:02 Double-Bit Axe
12:42 Fletching
14:45 Fishing Lines
emmanueldltq08
3:46 Loom
12:38 Feudal Age
13:14 Double-Bit Axe
16:47 Castle Age
15:35 Forging
15:27 Scale Mail Armor
16:39 Arson
16:49 Fishing Lines
17:52 Bow Saw
17:50 Gillnets
19:32 Iron Casting
KRAIKTON
Mionel Lessi
mung bean cake
3:31 Loom
7:13 Loom
9:57 Feudal Age
10:11 Double-Bit Axe
10:57 Fletching
THE CID
Connection lost

Rejoining the realm…

Still unreachable

The connection could not be restored.

Session expired

The server has moved on; the page needs a fresh start.